 Dungeon Crawl Stone Soup version 0.32-a0-120-gfac0567ad4 (webtiles) character file.

Game seed: 7485604917104865019

98 pokeman the Magician (level 4, -1/25 HPs)
             Began as a Deep Elf Hedge Wizard on Feb 6, 2024.
             Slain by a phantom (5 damage)
             ... on level 5 of the Dungeon.
             The game lasted 00:03:49 (2563 turns).

pokeman the Magician (Deep Elf Hedge Wizard)        Turns: 2563, Time: 00:03:49

Health: -1/25      AC:  3    Str:  7    XL:     4   Next: 43%
Magic:  0/13       EV: 13    Int: 21    God:
Gold:   158        SH:  0    Dex: 20    Spells: 6/14 levels left

rFire   . . .        a - +0 dagger
rCold   . . .        (no shield)
rNeg    . . .        b - +0 robe
rPois   .            c - +0 hat
rElec   .            (no cloak)
rCorr   .            e - +0 pair of gloves
SInv    .            (no boots)
Will    .....        (no amulet)
Stlth   +++          j - +6 ring of dexterity
HPRegen 0.24/turn    (no ring)
MPRegen 0.13/turn

%: no passive effects
@: no status effects
A: no striking features
a: no special abilities


You were on level 5 of the Dungeon.
You visited 1 branch of the dungeon, and saw 4 of its levels.

You collected 158 gold pieces.

Inventory:

Hand Weapons
 a - a +0 dagger (weapon)
Armour
 b - a +0 robe (worn)
 c - a +0 hat (worn)
 e - a +0 pair of gloves (worn)
 k - a +0 ring mail of fire resistance
Jewellery
 j - a +6 ring of dexterity (left hand)
Scrolls
 h - 2 scrolls of identify {unknown}
 i - a scroll of vulnerability {unknown}
 m - a scroll of enchant armour {unknown}
 n - a scroll of noise {unknown}
 p - a scroll of poison {unknown}
Potions
 d - a potion of magic
 f - 2 potions of degeneration {unknown}
 g - 2 potions of lignification {unknown}
 l - a potion of enlightenment {unknown}
 o - a potion of mutation {unknown}


   Skills:
 - Level 1.0 Fighting
 - Level 1.0 Armour
 + Level 2.7 Dodging
 + Level 2.8 Stealth
 * Level 5.7 Spellcasting
 + Level 2.2 Conjurations
 - Level 1.1 Summonings
 - Level 1.1 Translocations


You had 6 spell levels left.
You knew the following spells:

 Your Spells              Type           Power      Damage    Failure   Level
a - Magic Dart            Conj           60%        1d6       4%          1
b - Mephitic Cloud        Conj/Alch/Air  9%         N/A       22%         3
c - Call Imp              Summ           20%        N/A       10%         2
d - Blink                 Tloc           20%        N/A       10%         2

Your spell library contained the following spells:

 Spells                   Type           Power      Damage    Failure   Level
 Kiss of Death            Conj/Necr      40%        2d8       6%          1
 Slow                     Hex            24%        N/A       10%         1
 Cigotuvi's Dreadful Rot  Necr/Alch/Air  12%        N/A       16%         2
 Confusing Touch          Hex            6%         N/A       30%         3
 Dispel Undead            Necr           6%         3d8       69%         4


Dungeon Overview and Level Annotations

Branches:
Dungeon (5/15)
 Temple: D:4-7

Altars:
The Shining One


Message History

Aim: a phantom (severely damaged, 100% to hit)
The magic dart hits the phantom.
The phantom is almost destroyed.
The phantom hits you.
The phantom blinks!
You blink.
An iguana comes into view.
Casting: Magic Dart (safe; 4% risk of failure)
Confirm with . or Enter, or press ? or * to list all spells.
Aiming: Magic Dart (safe; 4% risk of failure)
Press: ? - help, Shift-Dir - straight line, f/p - phantom
Aim: a phantom (almost destroyed, 100% to hit)
The magic dart hits the phantom but does no damage.
The phantom is almost destroyed.
The phantom barely misses you.
Unknown command.
Casting: Magic Dart (safe; 4% risk of failure)
Confirm with . or Enter, or press ? or * to list all spells.
You don't have enough magic to cast this spell.
Unknown command.
Unknown command.
You closely miss the phantom.
The phantom is almost destroyed.
The phantom hits you.
Your magical contamination has completely faded away.
You hit the phantom.
The phantom is almost destroyed.
The phantom hits you.
* * * LOW HITPOINT WARNING * * *
The phantom blinks!
You blink.
You hit the phantom.
The phantom is almost destroyed.
The phantom hits you.
* * * LOW HITPOINT WARNING * * *
The phantom blinks!
You blink.
An orc comes into view. It is wielding a +0 hand axe.
Found a club and 18 gold pieces.
You closely miss the phantom.
The phantom is almost destroyed.
The iguana hisses angrily.
The phantom hits you.
You die...

### #.. ##
#.#######
#..#.Wl..ยงยง#
#...@#####.#
#.#o## ###o#
... ..#o#
..).. #.#.#
#.#... #.#.##
# #... #.#..#
.$.. ###.##.#
..... #..>...#
#.###..#


You could see a phantom, an iguana and an orc.

Vanquished Creatures
  A scorpion zombie (D:2)
  2 adders
  An adder zombie (D:2)
  An adder skeleton (D:2)
  A ribbon worm (D:3)
  2 dart slugs
  6 ball pythons
  A bat (D:1)
  A bat zombie (D:2)
  4 endoplasms
  A giant cockroach (D:2)
  3 goblins
  2 hobgoblins (D:2)
  4 ball python skeletons (D:2)
  4 ball python zombies (D:2)
  A giant cockroach zombie (D:2)
  A jackal zombie (D:2)
  3 kobolds
  3 quokka zombies (D:2)
  7 rats
49 creatures vanquished.

Notes
Turn   | Place    | Note
-------+----------+-------------------------------------------
     0 | D:1      | pokeman the Deep Elf Hedge Wizard began the quest for the
                  | Orb.
     0 | D:1      | Reached XP level 1. HP: 10/10 MP: 7/7
   339 | D:1      | Reached XP level 2. HP: 16/16 MP: 1/9
  1072 | D:2      | Reached skill level 5 in Spellcasting
  1246 | D:2      | Reached XP level 3. HP: 20/20 MP: 5/11
  1250 | D:2      | Learned a level 3 spell: Mephitic Cloud
  1253 | D:2      | Learned a level 2 spell: Call Imp
  1256 | D:2      | Learned a level 2 spell: Blink
  1666 | D:2      | Reached skill level 1 in Fighting
  1666 | D:2      | Reached skill level 1 in Armour
  1876 | D:2      | Reached XP level 4. HP: 25/25 MP: 5/13
  2172 | D:2      | Found a faded altar of an unknown god.
  2524 | D:3      | Found a glowing golden altar of the Shining One.
  2539 | D:3      | You fall into a shaft and drop 2 floors!
  2539 | D:5      | Entered Level 5 of the Dungeon
  2542 | D:5      | Noticed a phantom
  2563 | D:5      | Slain by a phantom

Illustrated notes

Levels and vault maps discovered:
D:1:      minmay_arrival_open_corners, layout_rooms
D:2:      layout_loops_cross, serial_undead, serial_undead_f, serial_undead_d,
          serial_undead_d, serial_undead_b, serial_undead_a, serial_undead_f,
          serial_undead_a, serial_undead_d,
          hellmonk_ecumenical_altar_leap_of_faith
D:3:      layout_loops_ring, general_overflow_altar, minmay_bisected
D:5:      layout_loops_ring, lemuel_zombie_altar_kikubaaqudgha, enter_ossuary_2

Skill      XL: |  1  2  3 |
---------------+----------+-----
Spellcasting   | 5 |  5.7
Fighting       | 1 |  1.0
Armour         | 1 |  1.0
Conjurations   | 2 |  2.2
Dodging        | |  2.7
Stealth        | |  2.8
Summonings     | |  1.1
Translocations | |  1.1

Action                     |  1- 3 |  4- 6 || total
---------------------------+-------+-------++-------
  Melee: Dagger            |     3 |    21 ||    24
   Cast: Magic Dart        |   114 |    32 ||   146
         Call Imp          |     1 |       ||     1
         Mephitic Cloud    |       |     1 ||     1
   Stab: Sleeping          |     1 |       ||     1
         Confused          |       |     1 ||     1
 Armour: Robe              |    24 |    22 ||    46
  Dodge: Dodged            |    28 |    17 ||    45

Table legend: (Time is in decaauts)
 A = Elapsed time spent in this place.
 B = Non-inter-level travel time spent in this place.
 C = Inter-level travel time spent in this place.
 D = Time resting spent in this place.
 E = Time spent auto-exploring this place.
 F = Levels seen in this place.
 G = Mean time per level.
                   A        B        C        D        E       F      G
               +--------+--------+--------+--------+--------+-----+--------+
         Total |   2563 |   2503 |     60 |    147 |   1991 |   4 |  640.8 |
       Dungeon |   2563 |   2503 |     60 |    147 |   1991 |   4 |  640.8 |
               +--------+--------+--------+--------+--------+-----+--------+

Top non-repeatable levels by time:
     D:2: 1319 daAuts
     D:1: 904 daAuts
     D:3: 315 daAuts
     D:5: 23 daAuts
